 Dungeon Crawl Stone Soup version 0.21-a0-509-gecc5317 (webtiles) character file.

58 Gerstahl the Skirmisher (level 4, -2/44 HPs)
             Began as a Naga Monk on Nov 30, 2017.
             Slain by a worm (4 damage)
             ... on level 2 of the Dungeon.
             The game lasted 00:04:59 (1043 turns).

Gerstahl the Skirmisher (Naga Monk)                 Turns: 1043, Time: 00:04:59

Health: -2/44      AC:  3    Str: 13    XL:     4   Next: 1%
Magic:  4/4        EV: 11    Int: 10    God:
Gold:   85         SH:  0    Dex: 15    Spells: 3/3 levels left

rFire    . . .     SeeInvis +   a - +0 falchion
rCold    . . .     Gourm    .   (no shield)
rNeg     . . .     Faith    .   b - +0 robe
rPois    +         Spirit   .   f - +0 helmet
rElec    .         Reflect  .   (no cloak)
rCorr    .         Harm     .   (no gloves)
MR       .....                  (no barding)
Stlth    ++........             (no amulet)
HPRegen  0.14/turn              (no ring)
MPRegen  0.09/turn              (no ring)

@: lethally poisoned (-2 -> -5), very slow
A: large, see invisible, deformed body, poison resistance, slowness 2, slow
metabolism 1, spit poison 1, AC +1
a: Spit Poison


You were on level 2 of the Dungeon.
You were not hungry.

You visited 1 branch of the dungeon, and saw 2 of its levels.

You collected 85 gold pieces.

Inventory:

Hand Weapons
 a - a +0 falchion (weapon)
Armour
 b - a +0 robe (worn)
 f - a +0 helmet (worn)
Jewellery
 h - a cursed ring of loudness {unknown}
 k - an uncursed ring of resist corrosion {unknown}
 n - an uncursed amulet of magic regeneration {unknown}
 p - an uncursed ring of flight {unknown}
Scrolls
 e - 4 scrolls of remove curse {unknown}
 j - a scroll of random uselessness {unknown}
 l - 2 scrolls of identify {unknown}
Potions
 g - a potion of resistance {unknown}
 i - a potion of agility {unknown}
 m - a potion of invisibility {unknown}
 o - a potion of brilliance {unknown}
Comestibles
 c - 2 bread rations


   Skills:
 + Level 4.0 Fighting
 + Level 3.9 Long Blades
 - Level 2.4 Dodging
 - Level 3.0 Stealth


You had 3 spell levels left.
You didn't know any spells.

Dungeon Overview and Level Annotations

Branches:
Dungeon (2/15)

Altars:


Innate Abilities, Weirdness & Mutations

You cannot wear boots.
Your serpentine skin is tough. (AC +1)
You have supernaturally acute eyesight. (SInv)
Armour fits poorly on your strangely shaped body.
Your system is resistant to poisons. (rPois)
You cover ground very slowly.
You have a slow metabolism.
You can spit poison.


Message History

The adder barely misses you. The worm barely misses you.
You hit the adder.
The adder is severely wounded.
You feel sick. The adder barely misses you. The worm bites you.
* * * LOW HITPOINT WARNING * * *
The adder barely misses you.
You riposte.
You hit the adder.
You kill the adder!
Your Fighting skill increases to level 4!
You have reached level 4!
You feel agile.
It was a potion of magic.
Magic courses through your body.
You feel sick.
You can't do that yet.
Unknown command.
You barely miss the worm. The worm bites you.
* * * LOW HITPOINT WARNING * * *
You hit the worm.
The worm is lightly wounded.
You have got your breath back.
The worm bites you.
You die...

# ...##..........
##.##..#.........#
......#...[.....# #.
#...<........#
#.##.#..........####
#.....#.............
#.....#.........#...
#..w......<.....#...
#..@.#..........#...
#....#.............#
#............###....
#....#####..........
#....# #.#..#..#..
#....# ........####
#....# .##.#.... #
#.###.. #.#.##.. #
... . #...###.>


You could see a worm.

Vanquished Creatures
  2 adders (D:2)
  An ooze (D:1)
  A worm (D:2)
  A dart slug (D:1)
  2 leopard geckos (D:1)
  2 bats (D:1)
  A giant cockroach (D:2)
  4 goblins
  5 hobgoblins
  2 jackals (D:1)
  A quokka (D:2)
  A ball python (D:1)
  2 kobolds (D:1)
  2 rats (D:2)
27 creatures vanquished.

Notes
Turn   | Place    | Note
-------+----------+-------------------------------------------
     0 | D:1      | Gerstahl the Naga Monk began the quest for the Orb.
     0 | D:1      | Reached XP level 1. HP: 21/21 MP: 1/1
   104 | D:1      | Reached XP level 2. HP: 23/28 MP: 2/2
   470 | D:1      | Reached XP level 3. HP: 22/34 MP: 3/3
  1040 | D:2      | Reached skill level 4 in Fighting
  1040 | D:2      | Reached XP level 4. HP: 8/44 MP: 4/4
  1042 | D:2      | HP: 2/44 [worm (5)]
  1043 | D:2      | Slain by a worm

Vault maps used:
D:1:      lightli_arrival_chessboard
D:2:      first_bread, roderic_lattice_a

Skill      XL: |  1  2  3 |
---------------+----------+-----
Fighting       | 4 |  4.0
Long Blades    | |  3.9
Dodging        | |  2.4
Stealth        | |  3.0

Action                   |  1- 3 |  4- 6 || total
-------------------------+-------+-------++-------
Melee: Falchion          |    73 |     2 ||    75
 Abil: Spit Poison       |    23 |       ||    23
  Use: Potion            |       |     1 ||     1
 Stab: Sleeping          |     1 |       ||     1
  Eat: Chunk             |     1 |       ||     1
Armor: Robe              |    12 |       ||    12
Dodge: Dodged            |    55 |       ||    55
       Rpst.: Falchion   |    15 |       ||    15

Table legend:
 A = Spawn XP
 B = Non-spawn XP
 C = Spawn XP percentage of total XP
 D = Spawn monster count
 E = Non-spawn monster count
 F = Spawn count percentage of total count
 G = Total turns spent on level
                    A         B        C        D         E        F      G
               +---------+---------+-------+---------+---------+-------+---------
         Total |       0 |      83 |   0.0 |       0 |      27 |   0.0 |  1043
               +---------+---------+-------+---------+---------+-------+---------
           D:1 |       0 |      41 |   0.0 |       0 |      17 |   0.0 |   852
           D:2 |       0 |      42 |   0.0 |       0 |      10 |   0.0 |   191
               +---------+---------+-------+---------+---------+-------+---------
